 Dungeon Crawl Stone Soup version 0.25-a0-36-g303dd5b1f4 (webtiles) character file.

Game seed: 7405237173440456815, levelgen mode: deterministic

41 Gynju the Firebug (level 3, -3/19 HPs)
             Began as a Deep Elf Fire Elementalist on Oct 20, 2019.
             Slain by a gnoll
             ... wielding a +0 flail of protection
              (10 damage)
             ... on level 2 of the Dungeon.
             The game lasted 00:01:31 (1216 turns).

Gynju the Firebug (Deep Elf Fire Elementalist)      Turns: 1216, Time: 00:01:31

Health: -3/19      AC:  2    Str:  5    XL:     3   Next: 32%
Magic:  10/10      EV: 13    Int: 20    God:
Gold:   121        SH:  0    Dex: 15    Spells: 8/9 levels left

rFire    . . .     SeeInvis .   i - +1 short sword (drain)
rCold    . . .     Gourm    .   (no shield)
rNeg     . . .     Faith    .   a - +0 robe
rPois    .         Spirit   .   (no helmet)
rElec    .         Reflect  .   (no cloak)
rCorr    .         Harm     .   (no gloves)
MR       .....                  (no boots)
Stlth    ++........             (no amulet)
HPRegen  0.06/turn              (no ring)
MPRegen  0.12/turn              (no ring)

@: no status effects
A: no striking features
a: no special abilities


You were on level 2 of the Dungeon.
You were not hungry.

You visited 1 branch of the dungeon, and saw 2 of its levels.

You collected 121 gold pieces.

Inventory:

Hand Weapons
 i - a +1 short sword of draining (weapon)
Armour
 a - a +0 robe (worn)
Jewellery
 k - an uncursed ring of see invisible {unknown}
Scrolls
 b - a scroll of identify {unknown}
 f - 3 scrolls of enchant weapon {unknown}
 g - a scroll of noise {unknown}
 h - a scroll of fear {unknown}
 j - a scroll of teleportation {unknown}
Potions
 d - a potion of curing {unknown}
 e - a potion of ambrosia {unknown}
Comestibles
 c - 7 rations


   Skills:
 + Level 3.1 Dodging
 - Level 2.4 Stealth
 + Level 3.7 Spellcasting
 + Level 2.0 Conjurations
 + Level 3.7 Fire Magic


You had 8 spell levels left.
You knew the following spells:

 Your Spells              Type           Power        Failure   Level  Hunger
a - Flame Tongue          Conj/Fire      ###..        4%          1    None

Your spell library contained the following spells:

 Spells                   Type           Power        Failure   Level  Hunger
 Throw Flame              Conj/Fire      ###...       6%          2    ##.....
 Conjure Flame            Conj/Fire      ###.....     12%         3    ###....
 Inner Flame              Hex/Fire       ##......     19%         3    ###....
 Sticky Flame             Conj/Fire      ###.....     38%         4    ####...
 Fireball                 Conj/Fire      ###.......   75%         5    ######.


Dungeon Overview and Level Annotations

Branches:
Dungeon (2/15)

Altars:


Message History

Things that are here:
a stone; a kobold skeleton The bat hits you but does no damage.
You see here a rat skeleton.
You see here a stone.
A quokka comes into view.
The bat hits you. The bat barely misses you. The bat hits you.
The bat misses you. The bat hits you but does no damage. The bat hits you.
The bat closely misses you. The gnoll barely misses you.
The bat completely misses you. The bat hits you but does no damage.
There is a stone staircase leading up here.
The bat barely misses you. The bat completely misses you.
The gnoll hits you with a +0 flail of protection!
Ouch! That really hurt!
You die...

#########.....(.รท)..
###.........####......
##.............r...####
##.........r....#.###
#.........g#......#
#.........##.....#..r
#......gg.##.......##
#......g..##......##
#......@b.##........
##..................
#......)..##...
#.........# ...
#.........# ##
#.........# #.........#
##.....).## ##.....##


You could see 4 gnolls, a bat and a rat.

Vanquished Creatures
  An ooze (D:1)
  An orc (D:2)
  2 giant cockroaches
  5 goblins
  3 hobgoblins
  3 jackals (D:2)
  5 kobolds
  A quokka (D:2)
  A ball python (D:2)
  3 bats
  3 frilled lizards
  5 rats
33 creatures vanquished.

Notes
Turn   | Place    | Note
-------+----------+-------------------------------------------
     0 | D:1      | Gynju the Deep Elf Fire Elementalist began the quest for
                  | the Orb.
     0 | D:1      | Reached XP level 1. HP: 10/10 MP: 6/6
   146 | D:1      | Reached XP level 2. HP: 15/15 MP: 5/8
   872 | D:2      | Reached XP level 3. HP: 13/19 MP: 0/10
  1216 | D:2      | Slain by a gnoll

Levels and vault maps discovered:
D:1:      onia_arrival_handbag, layout_basic
D:2:      layout_rooms, first_ration, uniq_natasha

Skill      XL: |  1  2  3 |
---------------+----------+-----
Dodging        | 3 |  3.1
Conjurations   | 2 |  2.0
Stealth        | |  2.4
Spellcasting   | |  3.7
Fire Magic     | |  3.7

Action                   || total
-------------------------++-------
Melee: Short sword       ||    13
 Cast: Flame Tongue      ||    51
  Eat: Chunk             ||     1
Armor: Robe              ||    13
Dodge: Dodged            ||    53

Table legend:
 A = Non-vault XP
 B = Vault XP
 C = Vault XP percentage of total XP
 D = Non-vault monster count
 E = Vault monster count
 F = Vault count percentage of total count
                 A         B        C        D         E       F
            +---------+---------+-------+---------+---------+-------
      Total |      49 |      10 |  16.9 |      29 |       4 |  12.1
            +---------+---------+-------+---------+---------+-------
        D:1 |      18 |      10 |  35.7 |      11 |       4 |  26.7
        D:2 |      31 |       0 |   0.0 |      18 |       0 |   0.0
            +---------+---------+-------+---------+---------+-------
